 Dungeon Crawl Stone Soup version 0.31-a0-1068-g5939ac1fb6 (webtiles) character file.

Game seed: 9876179624411130935

273309 Armakuni the Black Belt (level 19, -26/170 HPs)
             Began as a Grey Draconian Monk on Nov 22, 2023.
             Was a Believer of Elyvilon.
             Killed from afar by a deep elf annihilator (55 damage)
             ... with a crystal spear
             ... on level 2 of the Vaults on Nov 23, 2023.
             The game lasted 02:05:12 (43327 turns).

Armakuni the Black Belt (Grey Draconian Monk)      Turns: 43327, Time: 02:05:13

Health: -26/170    AC: 24    Str: 13    XL:     19   Next: 50%
Magic:  10/32      EV: 14    Int: 22    God:    Elyvilon [**....]
Gold:   262        SH:  5    Dex: 12    Spells: 5/28 levels left

rFire   + .          .
                       - Unarmed
rCold   . . .        H - +0 buckler
rNeg    . . .        (body armour unavailable)
rPois   +            C - +1 hat {Int+3}
rElec   .            f - +2 cloak {rF+}
rCorr   .            v - +2 pair of gloves
SInv    .            L - +1 pair of boots
Will    +++..        R - amulet of regeneration
Stlth   +            h - ring of willpower
HPRegen 1.28/turn    W - ring of willpower
MPRegen 0.23/turn

%: no passive effects
@: lethally poisoned (-26 -> -27), slightly contaminated
A: AC +15, amphibious, unfitting armour, cold-blooded, horns 1, clumsy 1, poison
resistance
}: 2/15 runes: serpentine, barnacled
a: Renounce Religion, Purification, Heal Other


You were on level 2 of the Vaults.
You worshipped Elyvilon.
Elyvilon was pleased with you.
You visited 7 branches of the dungeon, and saw 33 of its levels.
You visited 1 bazaar.
You also visited: Bailey and Volcano.

You collected 3150 gold pieces.
You spent 2888 gold pieces at shops.

Inventory:

Armour
 f - a +2 cloak of fire resistance (worn)
 v - a +2 pair of gloves (worn)
 C - a +1 hat of intelligence (worn)
 H - a +0 buckler (worn)
 L - a +1 pair of boots (worn)
 U - the +0 pair of gloves "Naupnaev" {Fly Str-5 Int+5}
   (You found it on level 4 of the Shoals)

   Str-5:     It affects your strength (-5).
   Int+5:     It affects your intelligence (+5).
   Fly:       It grants you flight.
Magical Staves
 Q - a staff of earth
Jewellery
 h - a ring of willpower (left hand)
 I - a ring of see invisible
 K - a ring of resist corrosion
 P - the ring "Miyxar" {rPois Str-3 Int+5 Dex+4}
   (You found it on level 1 of the Vaults)

   [ring of poison resistance]

   Str-3:     It affects your strength (-3).
   Int+5:     It affects your intelligence (+5).
   Dex+4:     It affects your dexterity (+4).
   rPois:     It protects you from poison
 R - an amulet of regeneration (around neck)
 W - a ring of willpower (right hand)
Talismans
 O - the serpent talisman of Iqiyr {rElec rF+ rN+ Str+3}
   (You took it off Aizul on level 4 of the Snake Pit)

   [serpent talisman]

   Str+3:     It affects your strength (+3).
   rF+:       It protects you from fire.
   rElec:     It insulates you from electricity.
   rN+:       It protects you from negative energy.
Wands
 c - a wand of acid (4)
 l - a wand of flame (35)
 p - a wand of paralysis (9)
 r - a wand of polymorph (18)
 s - a wand of iceblast (9)
 x - a wand of digging (12)
Scrolls
 j - 5 scrolls of vulnerability
 m - 6 scrolls of fog
 n - 7 scrolls of enchant weapon
 o - 5 scrolls of noise
 q - a scroll of immolation
 t - 18 scrolls of identify
 y - 11 scrolls of teleportation
 A - 2 scrolls of poison
 D - a scroll of silence
 N - 3 scrolls of revelation
Potions
 a - 7 potions of ambrosia
 b - 12 potions of curing
 d - 7 potions of heal wounds
 e - 6 potions of lignification
 g - 3 potions of magic
 k - 11 potions of enlightenment
 z - 4 potions of resistance
 F - 2 potions of brilliance
 M - 5 potions of haste
 X - 10 potions of mutation
Miscellaneous
 i - a phantom mirror


   Skills:
 - Level 15.0 Fighting
 - Level 6.6 Dodging
 - Level 4.0 Shields
 - Level 20.0 Unarmed Combat
 - Level 5.0 Spellcasting
 - Level 10.0 Conjurations
 - Level 10.0 Translocations
 - Level 3.3 Transmutations
 - Level 4.0 Air Magic
 + Level 10.8 Earth Magic
 - Level 19.4 Invocations
 - Level 5.0 Evocations
 - Level 10.0 Shapeshifting


You had 5 spell levels left.
You knew the following spells:

 Your Spells              Type           Power      Damage    Failure   Level
b - Bombard               Conj/Erth      25%        9d5       28%         6
i - Irradiate             Conj/Tmut      17%        3d17      24%         5
m - Iskenderun's Mystic   Conj/Tloc      49%        2d11      2%          4
p - Passwall              Tmut/Erth      30%        N/A       1%          2
v - Vhi's Electric Charg  Tloc/Air       72%        N/A       8%          4
w - Wereblood             Tmut           20%        N/A       5%          2

Your spell library contained the following spells:

 Spells                   Type           Power      Damage    Failure   Level
 Apportation              Tloc           98%        N/A       1%          1
 Kiss of Death            Conj/Necr      100%       2d13      1%          1
 Magic Dart               Conj           100%       1d8       1%          1
 Lee's Rapid Deconstruct  Erth           26%        3d14*     4%          5
 Mephitic Cloud           Conj/Pois/Air  26%        N/A       6%          3
 Swiftness                Air            23%        N/A       8%          3
 Cigotuvi's Dreadful Rot  Necr/Pois/Air  22%        N/A       12%         2
 Necrotise                Necr           20%        1d5       13%         1
 Slow                     Hex            20%        N/A       13%         1
 Summon Small Mammal      Summ           20%        N/A       13%         1
 Leda's Liquefaction      Hex/Erth       14%        N/A       14%         4
 Dimensional Bullseye     Hex/Tloc       13%        N/A       17%         4
 Call Imp                 Summ           10%        N/A       21%         2
 Ensorcelled Hibernation  Hex/Ice        10%        N/A       21%         2
 Sublimation of Blood     Necr           5%         N/A       21%         2
 Arcjolt                  Conj/Air       18%        1d28      21%         5
 Confusing Touch          Hex            5%         N/A       36%         3
 Tukima's Dance           Hex            5%         N/A       36%         3
 Summon Forest            Summ/Tloc      13%        N/A       43%         5
 Summon Lightning Spire   Summ/Air       14%        N/A       50%         4
 Dispel Undead            Necr           5%         3d7       78%         4
 Eringya's Noxious Bog    Tmut/Pois      6%         4d6       100%        6
 Plasma Beam              Fire/Air       7%         2x1d17    100%        6
 Summon Hydra             Summ           2%         N/A       100%        7
 Discord                  Hex            2%         N/A       100%        8
 Maxwell's Capacitive Co  Air            11%        ∞         100%        8
 Animate Armour           Summ/Erth      Unusable   N/A       N/A         4

Dungeon Overview and Level Annotations

Branches:
Dungeon (15/15)            Temple (0/1) D:4            Lair (5/5) D:11
 Shoals (4/4) Lair:2        Snake (4/4) Lair:3        Slime (0/5) Lair:4
    Orc (2/2) D:12            Elf (0/3) Orc:2        Vaults (2/5) D:13
 Depths (1/4) D:15         Bailey (visited)         Volcano (visited)
  Crypt: Vaults:2-3

Altars:
Ashenzari
Elyvilon
Fedhas
Makhleb
Nemelex Xobeh
Ru
Trog
Uskayaw
Vehumet
Zin
Jiyva

Shops:
D:1 (*   D:14 *   D:15 *   Orc:2 :[*::   Snake:2 [*[[   Vaults:2 (

Portals:
Trove: D:10 (give 15 potions of curing)

Annotations:
D:10 2 transporters, Amnesiac's ghost, journeyman DjDe
Orc:1 2 transporters, Gago's ghost, journeyman DjCj
Depths:1 2 transporters


Innate Abilities, Weirdness & Mutations

Your dull iron-grey scales are very hard. (AC +15)
You are amphibious.
You cannot fit into any form of body armour.
You are cold-blooded and may be slowed by cold attacks.
You have a pair of small horns on your head.
You are clumsy. (Dex -2)
Your system is resistant to poisons. (rPois)


Message History

* * * LOW HITPOINT WARNING * * *
You feel very sick.
The ironbound preserver hits you but does no damage.
You feel very sick.
The deep elf annihilator hits you with a +0 long sword.
* * * LOW HITPOINT WARNING * * *
You hit the deep elf annihilator.
The deep elf annihilator is heavily wounded.
You feel sick.
You block the ironbound preserver's attack.
The deep elf annihilator hits you but does no damage.
You hit the deep elf annihilator. You headbutt the deep elf annihilator.
The deep elf annihilator is severely wounded.
You feel sick.
You punch the deep elf annihilator!
The deep elf annihilator is severely wounded.
You feel sick.
The ironbound preserver hits you but does no damage.
The deep elf annihilator points at you and mumbles some strange words.
The crystal spear hits you!!! Elyvilon protects you from harm!
You hit the deep elf annihilator but do no damage.
Your headbutt misses the deep elf annihilator.
The deep elf annihilator is severely wounded.
You feel sick.
You block the ironbound preserver's attack.
The deep elf annihilator points at you and mumbles some strange words.
The iron shot misses you.
The iron shot hits the ironbound preserver!!!
You completely miss the deep elf annihilator.
You headbutt the deep elf annihilator, but do no damage.
The deep elf annihilator is severely wounded.
You feel sick.
You punch the deep elf annihilator!
The deep elf annihilator is almost dead.
The ironbound preserver casts a spell.
The ironbound preserver is healed somewhat.
The deep elf annihilator points at you and mumbles some strange words.
The crystal spear hits you!!!
You die...

#....#######
########....#......
#..'..##....#......
#..'..##....#..####
#..#..##....#..#...
+..#..##....#..#...
#..#..##....#..#...
#.e#..##....'.....#
#.@#..##....#..#...
#)p#..##....+..#...
#.)#..##....#..#...
#..#..##....#..####
#..#..##....#......
#..#).##....#......
#..#.)##....#######
#..#.).#....#
#..#.).'....#


You could see an ironbound preserver and a deep elf annihilator.

Vanquished Creatures
  The ghost of Qijusi the Peltast, an adept HuFi of Cheibriados (Vaults:1)
  Mlioglotl (Shoals:2)
  Frances (Shoals:2)
  6 nagarajas
  Ilsuiw (Shoals:3)
  Aizul (Snake:4)
  A fire giant (Depths:1)
  A frost giant (Depths:1)
  A vault warden (Vaults:1)
  2 orc warlords
  A war gargoyle (Vaults:2)
  6 ironbound preservers
  A stone giant (D:15)
  A formless jellyfish (Vaults:1)
  2 ironbound thunderhulks (Vaults:2)
  The ghost of Okhluzetu the Brawler, a journeyman DrSh of Wu Jian (Lair:2)
  5 dire elephants
  2 ettins
  9 merfolk javelineers
  A crystal guardian (Vaults:1)
  A deep elf death mage (Vaults:2)
  5 merfolk impalers
  5 yaktaur captains
  3 great orbs of eyes
  4 hydras
  A peacekeeper (Vaults:1)
  2 salamander tyrants
  5 vault guards (Vaults:2)
  7 merfolk avatars
  An ogre mage (D:15)
  9 two-headed ogres
  4 catoblepae
  4 death yaks (Lair:5)
  18 anacondas
  A satyr (Shoals:2)
  4 ironbound frosthearts
  5 merfolk aquamancers
  3 centaur warriors
  9 boulder beetles
  Urug (Lair:2)
  10 naga warriors
  A tengu warrior (D:14)
  A hell hog (Volcano)
  17 naga sharpshooters
  2 orc high priests
  A deep troll earth mage (Vaults:2)
  A fire crab (Volcano)
  3 salamander mystics
  5 shock serpents
  2 skysharks
  Amaemon (D:8)
  14 deep trolls
  12 sea snakes
  2 arcanists (Vaults:1)
  7 lindwurms
  8 naga ritualists
  Pikel (D:7)
  An obsidian statue (D:11)
  A phantasmal warrior (Vaults:2)
  4 orc knights
  7 ironbound convokers
  12 harpies
  27 ugly things
  An oklob plant (Shoals:4)
  7 manticores
  12 mana vipers
  2 deep elf pyromancers
  12 fauns
  4 cyclopes
  4 orc sorcerers
  The ghost of DEFE the Insei, a novice DsWn of Qazlal (D:5)
  17 salamanders
  13 naga magi
  An orange demon (D:8)
  37 black mambas
  A guardian serpent (shapeshifter) (D:13)
  6 water nymphs
  18 elephants
  An ice statue (D:11)
  4 vault sentinels
  8 merfolk sirens
  A gargoyle (D:8)
  Jeremiah (D:6)
  2 unseen horrors
  21 cane toads
  Maggie (Lair:1)
  A freezing wraith (Vaults:2)
  9 yaktaurs
  2 kobold demonologists (D:13)
  12 komodo dragons
  3 rime drakes
  An efreet (D:15)
  2 tengu conjurers
  2 meliai (D:15)
  8 trolls
  8 polar bears
  24 merfolk
  13 blink frogs
  12 saltlings (Orc:2)
  4 wind drakes
  7 dream sheep (Lair:4)
  Grinder (D:4)
  3 hornets
  Prince Ribbit (D:6)
  12 snapping turtles
  34 slime creatures
  2 shadows
  8 water elementals
  Sigmund (D:6)
  2 vampires
  4 wyverns
  4 basilisks
  A wraith (D:12)
  2 fire bats (Volcano)
  4 steam dragons
  23 yaks
  3 vampire mosquitoes (D:12)
  Menkaure (D:6)
  2 wargs
  39 nagas
  3 hell hounds (Volcano)
  15 water moccasins
  11 black bears
  25 orc warriors
  An ice beast (D:8)
  7 boggarts (Vaults:1)
  4 ogres
  A sky beast (D:6)
  9 wolves (Lair:4)
  6 centaurs
  A phantom (D:5)
  2 lemures (D:7)
  8 kobold brigands
  20 bullfrogs
  A scorpion (D:5)
  5 wights (D:9)
  5 killer bees
  A howler monkey (D:11)
  2 electric eels (Lair:4)
  A jelly (D:7)
  22 orc priests
  A gnoll bouda (D:9)
  4 hounds
  Jessica (D:2)
  4 iguanas
  29 orc wizards
  11 hell rats (Lair:4)
  8 gnolls
  7 adders
  A white imp (D:6)
  2 worms
  2 dart slugs
  76 orcs
  5 ball pythons
  9 endoplasms
  4 giant cockroaches
  18 goblins
  5 hobgoblins
  8 jackals
  41 kobolds
  3 quokkas
  3 bats
  2 frilled lizards (D:1)
  2 rats
1103 creatures vanquished.

Vanquished Creatures (collateral kills)
  An orc warlord (Orc:2)
  A hydra (Lair:2)
2 creatures vanquished.

Vanquished Creatures (others)
  An emperor scorpion (D:15)
  2 vault wardens (Vaults:2)
  An ironbound preserver (Vaults:2)
  A red draconian (Vaults:2)
  A dire elephant (D:15)
  A vault guard (Vaults:2)
  5 two-headed ogres (D:15)
  A death yak (Lair:5)
  A deep troll (Vaults:2)
  An arcanist (Vaults:1)
  A harpy (Vaults:2)
  3 ironbound convokers
  3 orc knights (Orc:2)
  A manticore (Shoals:4)
  A black mamba (Snake:3)
  A guardian serpent (Snake:3)
  A torpor snail (Lair:4)
  A cane toad (Lair:4)
  A wind drake (Shoals:4)
  A slime creature (D:15)
  2 yaks
  A warg (Orc:2)
  A naga (Snake:3)
  A wolf (Lair:4)
  2 centaurs (D:15)
  2 orcs
38 creatures vanquished.

Grand Total: 1143 creatures vanquished

Notes
Turn   | Place    | Note
-------+----------+-------------------------------------------
     0 | D:1      | Armakuni the Draconian Monk began the quest for the Orb.
     0 | D:1      | Reached XP level 1. HP: 19/19 MP: 1/1
    30 | D:1      | Found Weofim's General Store.
    73 | D:1      | Reached XP level 2. HP: 13/26 MP: 2/2
   249 | D:1      | Found Goja Ewa's Antique Weapon Shop.
   331 | D:1      | Reached skill level 4 in Unarmed Combat
   671 | D:2      | Reached XP level 3. HP: 23/31 MP: 3/3
   754 | D:2      | Found a white marble altar of Elyvilon.
   762 | D:2      | Became a worshipper of Elyvilon the Healer
   762 | D:2      | Reached * piety under Elyvilon
   762 | D:2      | Reached ** piety under Elyvilon
   909 | D:2      | Found a faded altar of an unknown god.
  1326 | D:2      | Noticed Jessica
  1329 | D:2      | Killed Jessica
  1330 | D:2      | Reached skill level 5 in Unarmed Combat
  1330 | D:2      | Reached skill level 1 in Invocations
  1330 | D:2      | Reached XP level 4. HP: 38/38 MP: 4/4
  1556 | D:3      | Found a hide-covered altar of Uskayaw.
  1559 | D:3      | Found a burning altar of Makhleb.
  1561 | D:3      | Found a blossoming altar of Fedhas.
  1566 | D:3      | Reached *** piety under Elyvilon
  1720 | D:3      | Identified the +2 ring mail "Faif" {rN+}
  1911 | D:3      | Reached XP level 5. HP: 35/45 MP: 6/6
  2392 | D:4      | Noticed Grinder
  2444 | D:4      | Found a staircase to the Ecumenical Temple.
  2449 | D:4      | Reached **** piety under Elyvilon
  2807 | D:4      | Found a radiant altar of Vehumet.
  2807 | D:4      | Found a sparkling altar of Nemelex Xobeh.
  2867 | D:4      | Killed Grinder
  2868 | D:4      | Reached skill level 6 in Unarmed Combat
  2868 | D:4      | Reached XP level 6. HP: 51/51 MP: 6/8
  3073 | D:5      | Entered Level 5 of the Dungeon
  3278 | D:5      | Your scales start taking on a dull iron-grey colour.
  3278 | D:5      | Reached XP level 7. HP: 38/57 MP: 7/10
  3399 | D:5      | Noticed Duvessa
  3399 | D:5      | Noticed Dowan
  3405 | D:5      | Pacified Dowan
  3405 | D:5      | Pacified Duvessa
  3406 | D:5      | Reached skill level 7 in Unarmed Combat
  3406 | D:5      | Reached skill level 5 in Invocations
  3621 | D:5      | Noticed a yak
  3621 | D:5      | Noticed a yak
  3635 | D:5      | Noticed a yak
  3641 | D:5      | Killed a yak
  3644 | D:5      | Pacified a yak
  3645 | D:5      | Reached skill level 8 in Unarmed Combat
  3645 | D:5      | Reached XP level 8. HP: 38/63 MP: 6/12
  3788 | D:5      | Found a runed translucent door.
  3788 | D:5      | Noticed DEFE's ghost (novice DsWn)
  4602 | D:6      | Noticed Menkaure
  4612 | D:6      | Killed Menkaure
  4730 | D:6      | Noticed Sigmund
  4747 | D:6      | Killed Sigmund
  4748 | D:6      | Reached skill level 9 in Unarmed Combat
  4789 | D:6      | Noticed Prince Ribbit
  4828 | D:6      | Killed Prince Ribbit
  4829 | D:6      | Noticed Jeremiah
  4891 | D:6      | Killed Jeremiah
  4892 | D:6      | Reached XP level 9. HP: 34/67 MP: 12/15
  5124 | D:6      | Reached skill level 10 in Unarmed Combat
  6098 | D:7      | Found a glowing silver altar of Zin.
  6537 | D:7      | Noticed Pikel
  6606 | D:7      | Killed Pikel
  6949 | D:7      | Reached skill level 11 in Unarmed Combat
  6949 | D:7      | Reached skill level 10 in Invocations
  7043 | D:8      | Noticed a gargoyle
  7055 | D:8      | Killed a gargoyle
  7086 | D:8      | Reached XP level 10. HP: 69/77 MP: 17/17
  7195 | D:8      | Found a broken altar of Ashenzari.
  7226 | D:8      | Noticed an orange demon
  7226 | D:8      | Noticed Amaemon
  7227 | D:8      | Found a flagged portal.
  7240 | D:8      | Killed an orange demon
  7247 | D:8      | Killed Amaemon
  7248 | D:8      | Reached skill level 5 in Fighting
  7248 | D:8      | Reached skill level 12 in Unarmed Combat
  7293 | Bailey   | Entered a bailey
  7313 | Bailey   | Noticed an orc warlord
  7486 | Bailey   | Found a runed translucent gate.
  7487 | Bailey   | Found a runed translucent gate.
  7488 | Bailey   | Found a runed translucent gate.
  7762 | Bailey   | Killed an orc warlord
  7792 | Bailey   | Acquired 325 gold pieces
  8017 | D:8      | Reached skill level 13 in Unarmed Combat
  8216 | D:1      | Bought a +0 hat of intelligence for 110 gold pieces
  8354 | D:5      | Killed DEFE's ghost
  8360 | D:5      | Identified the +3 leather armour of Disappointment {rN+
                  | rCorr}
  8827 | D:9      | Reached XP level 11. HP: 69/89 MP: 16/18
  8850 | D:9      | Reached skill level 14 in Unarmed Combat
  9173 | D:9      | Noticed a two-headed ogre
  9181 | D:9      | Killed a two-headed ogre
  9855 | D:10     | Entered Level 10 of the Dungeon
  9871 | D:10     | Found a transporter.
  9871 | D:10     | Noticed a deep troll
  9872 | D:10     | Noticed Amnesiac's ghost (journeyman DjDe)
  9879 | D:10     | Found a transporter.
  9888 | D:10     | Noticed a two-headed ogre
  9901 | D:10     | Killed a two-headed ogre
  9936 | D:10     | Noticed a two-headed ogre
  9950 | D:10     | Noticed a two-headed ogre
 10068 | D:10     | Found a sacrificial altar of Ru.
 10175 | D:10     | Found a portal to a secret trove of treasure.
 10321 | D:10     | Noticed a two-headed ogre
 10329 | D:10     | Killed a two-headed ogre
 10777 | D:11     | Reached skill level 1 in Shields
 10945 | D:11     | Noticed a green ugly thing
 10970 | D:11     | Killed a purple ugly thing
 11066 | D:11     | Found a staircase to the Lair.
 11069 | D:11     | Noticed a two-headed ogre
 11079 | D:11     | Killed a two-headed ogre
 11098 | D:11     | Identified the ring of Haiph {*Corrode +Blink Fly Dex+2
                  | Stlth+}
 11129 | D:11     | Noticed a two-headed ogre
 11136 | D:11     | Killed a two-headed ogre
 11285 | D:11     | Noticed an obsidian statue
 11285 | D:11     | Noticed a two-headed ogre
 11298 | D:11     | Killed a two-headed ogre
 11381 | D:11     | Noticed a boulder beetle
 11420 | D:11     | Pacified a boulder beetle
 11421 | D:11     | Reached skill level 5 in Evocations
 11423 | D:11     | Reached XP level 12. HP: 94/96 MP: 13/20
 11636 | D:11     | Upgraded the game from 0.31-a0-1066-g35875b34c7 to
                  | 0.31-a0-1068-g5939ac1fb6
 11680 | D:12     | Reached skill level 15 in Unarmed Combat
 11745 | Lair:1   | Entered Level 1 of the Lair of Beasts
 11745 | Lair:1   | Noticed a death yak
 11745 | Lair:1   | Noticed a death yak
 11747 | Lair:1   | Pacified a death yak
 11748 | Lair:1   | Pacified a death yak
 11748 | Lair:1   | Noticed a death yak
 11749 | Lair:1   | Pacified a death yak
 11820 | Lair:1   | You fall into a shaft and drop 1 floor!
 11997 | Lair:1   | Learned a level 4 spell: Vhi's Electric Charge
 12256 | Lair:1   | Reached skill level 1 in Translocations
 12260 | Lair:1   | Reached skill level 1 in Spellcasting
 12281 | Lair:1   | Reached skill level 1 in Air Magic
 12323 | Lair:1   | Noticed a boulder beetle
 12331 | Lair:1   | Killed a boulder beetle
 12603 | Lair:1   | Noticed Maggie
 12614 | Lair:1   | Killed Maggie
 12833 | Lair:2   | Reached ***** piety under Elyvilon
 13065 | Lair:2   | Noticed an eight-headed hydra
 13072 | Lair:2   | Killed an eight-headed hydra
 13312 | Lair:2   | Reached XP level 13. HP: 98/102 MP: 22/22
 13335 | Lair:2   | Noticed Okhluzetu's ghost (journeyman DrSh)
 13344 | Lair:2   | Found a runed translucent door.
 13373 | Lair:2   | Killed Okhluzetu's ghost
 13594 | Lair:2   | Found a staircase to the Shoals.
 13737 | Lair:2   | Noticed Urug
 13745 | Lair:2   | HP: 4/102 [Urug/silver javelin (5)]
 13764 | Lair:2   | Killed Urug
 13765 | Lair:2   | Reached skill level 5 in Spellcasting
 14106 | Lair:3   | Reached skill level 5 in Translocations
 14513 | Lair:3   | Found a staircase to the Snake Pit.
 15648 | Lair:4   | Found a viscous altar of Jiyva.
 15649 | Lair:4   | Found a staircase to the Slime Pits.
 15811 | Lair:4   | Reached skill level 10 in Fighting
 16152 | Lair:4   | Reached skill level 5 in Dodging
 16440 | Lair:4   | Reached XP level 14. HP: 121/121 MP: 23/23
 16611 | Lair:5   | Entered Level 5 of the Lair of Beasts
 17052 | Lair:5   | Reached skill level 10 in Translocations
 17103 | Lair:5   | Paralysed by a hornet for 1 turns
 17213 | Lair:5   | Reached skill level 16 in Unarmed Combat
 18411 | D:12     | Found Zin's Purification Station.
 18416 | D:12     | Found a glowing silver altar of Zin.
 18425 | D:12     | Bought a potion of curing for 90 gold pieces
 18451 | D:12     | Found a staircase to the Orcish Mines.
 18940 | D:13     | Reached skill level 17 in Unarmed Combat
 19387 | D:13     | Found a gate to the Vaults.
 19730 | D:14     | Found Awei's Gadget Gallery.
 20044 | D:13     | Reached XP level 15. HP: 97/126 MP: 24/24
 20678 | D:15     | Entered Level 15 of the Dungeon
 20700 | D:15     | Reached skill level 18 in Unarmed Combat
 20780 | D:15     | Noticed an emperor scorpion
 20790 | D:15     | Pacified an emperor scorpion
 20800 | D:15     | Killed an emperor scorpion
 20920 | Orc:1    | Entered Level 1 of the Orcish Mines
 21079 | Orc:1    | Noticed Gago's ghost (journeyman DjCj)
 21080 | Orc:1    | Found a transporter.
 21086 | Orc:1    | Found a transporter.
 21288 | Orc:1    | Found a dark tunnel.
 21428 | Volcano  | Entered a volcano
 21628 | Orc:1    | Reached skill level 19 in Unarmed Combat
 21976 | Orc:2    | Entered Level 2 of the Orcish Mines
 22110 | Orc:2    | Found a staircase to the Elven Halls.
 22125 | Orc:2    | Found Ollokip's Vocational Training.
 22562 | Orc:2    | Found Upsijufy's Book Shop.
 23166 | Orc:2    | Found Taur Qap's Book Shop.
 23212 | Orc:2    | Found Joruh's Armour Shoppe.
 23245 | Orc:2    | Found Xiaff's Assorted Antiques.
 23269 | Orc:2    | Reached skill level 20 in Unarmed Combat
 23403 | Orc:2    | Bought a manual of Invocations for 1120 gold pieces
 23477 | Orc:2    | Bought a book of Weapons for 364 gold pieces
 23477 | Orc:2    | Bought a book of Changes for 234 gold pieces
 23481 | Orc:2    | Learned a level 2 spell: Wereblood
 23486 | Orc:2    | Learned a level 4 spell: Iskenderun's Mystic Blast
 23693 | D:15     | Reached skill level 1 in Transmutations
 24017 | D:15     | Got the Codex of Weathered Obstruction
 24086 | D:15     | Found Joytiwel's General Store.
 24110 | D:15     | Bought a scroll of revelation for 97 gold pieces
 24198 | D:15     | Found a staircase to the Depths.
 24414 | Depths:1 | Entered Level 1 of the Depths
 24420 | Depths:1 | Noticed a fire giant
 24494 | Depths:1 | Killed a fire giant
 24600 | Depths:1 | Found a transporter.
 24600 | Depths:1 | Noticed a frost giant
 24616 | Depths:1 | Killed a frost giant
 24617 | Depths:1 | Found a transporter.
 25238 | Snake:1  | Entered Level 1 of the Snake Pit
 25314 | Snake:1  | Reached skill level 1 in Conjurations
 25458 | Snake:1  | Reached XP level 16. HP: 15/134 MP: 21/26
 25708 | Snake:1  | Learned a level 5 spell: Irradiate
 25945 | Snake:1  | Reached skill level 15 in Invocations
 26598 | Snake:2  | Reached skill level 5 in Conjurations
 27292 | Snake:2  | Noticed Vashnia
 27585 | Snake:2  | Pacified Vashnia
 27736 | Snake:2  | Found Puesutuu's Antique Armour Shoppe.
 27736 | Snake:2  | Found Suiwoil's Assorted Antiques.
 27737 | Snake:2  | Found Ymnergh's Armour Emporium.
 27741 | Snake:2  | Found Sufuxiz's Armour Shoppe.
 27744 | Snake:2  | Bought 2 potions of curing for 264 gold pieces
 29115 | Snake:4  | Entered Level 4 of the Snake Pit
 29774 | Snake:4  | Reached XP level 17. HP: 56/140 MP: 26/30
 30028 | Snake:4  | Identified the serpent talisman of Iqiyr {rElec rF+ rN+
                  | Str+3}
 30028 | Snake:4  | Noticed Aizul
 30043 | Snake:4  | Killed Aizul
 30213 | Snake:4  | Reached skill level 1 in Shapeshifting
 30973 | Snake:4  | HP: 6/140 [naga warrior/+0 mace (22)]
 30974 | Snake:4  | Elyvilon protects you from harm!
 30987 | Snake:4  | Reached skill level 5 in Shapeshifting
 31490 | Snake:4  | HP: 6/140 [poisoned by a nagaraja (bolt of poison)]
 32196 | Snake:4  | Got a serpentine rune of Zot
 32464 | Shoals:1 | Entered Level 1 of the Shoals
 32497 | Shoals:1 | Learned a level 2 spell: Passwall
 32520 | Shoals:1 | Found a sparkling altar of Nemelex Xobeh.
 33326 | Shoals:2 | Noticed Frances
 33333 | Shoals:2 | Killed Frances
 33788 | Shoals:2 | Noticed Mlioglotl
 33807 | Shoals:2 | Killed Mlioglotl
 33905 | Shoals:2 | Reached skill level 10 in Shapeshifting
 34782 | Shoals:3 | HP: 7/143 [merfolk/+0 trident[a merfolk javelineer] (15)]
 34916 | Shoals:2 | Reached XP level 18. HP: 106/149 MP: 31/31
 36013 | Shoals:4 | Entered Level 4 of the Shoals
 36013 | Shoals:4 | Noticed Ilsuiw
 36141 | Shoals:3 | Killed Ilsuiw
 36355 | Shoals:4 | Found a bloodstained altar of Trog.
 36525 | Shoals:4 | Identified the +7 flail "Zuiraazo" {holy, Str+4}
 36599 | Shoals:4 | Identified the +1 scimitar of Prudence {spect, rF+ rN++}
 36773 | Shoals:4 | Got a barnacled rune of Zot
 37403 | Shoals:4 | Identified the +0 pair of gloves "Naupnaev" {Fly Str-5
                  | Int+5}
 38133 | D:15     | Bought a ring of willpower for 325 gold pieces
 38198 | Vaults:1 | Entered Level 1 of the Vaults
 38382 | Vaults:1 | Reached skill level 15 in Fighting
 38979 | Vaults:1 | Found a flickering gateway to a bazaar.
 38987 | Bazaar   | Entered a bazaar
 39093 | Bazaar   | Found Royh's General Store.
 39098 | Bazaar   | Found Gutz's Armour Shop.
 39125 | Bazaar   | Found Howouc's Distillery.
 39134 | Bazaar   | Found Geyli's Antique Weapon Shop.
 39151 | Bazaar   | Bought 2 potions of curing for 84 gold pieces
 39209 | Bazaar   | Bought a potion of mutation for 88 gold pieces
 39229 | Bazaar   | Bought a potion of mutation for 112 gold pieces
 39244 | Vaults:1 | Paralysed by a formless jellyfish for 1 turns
 39251 | Vaults:1 | Paralysed by a formless jellyfish for 1 turns
 39265 | Vaults:1 | Paralysed by a formless jellyfish for 1 turns
 39550 | Vaults:1 | Reached skill level 10 in Conjurations
 40696 | Vaults:1 | Found a runed translucent door.
 40698 | Vaults:1 | Noticed Qijusi's ghost (adept HuFi)
 40707 | Vaults:1 | Learned a level 6 spell: Bombard
 40729 | Vaults:1 | Reached XP level 19. HP: 170/170 MP: 32/32
 40897 | Vaults:1 | Reached skill level 1 in Earth Magic
 41138 | Vaults:1 | Gained mutation: You are clumsy. (Dex -2) [mutagenic glow]
 41253 | Vaults:1 | Killed Qijusi's ghost
 41262 | Vaults:1 | Identified the ring "Miyxar" {rPois Str-3 Int+5 Dex+4}
 41340 | Vaults:2 | Found Sewyo's Weapon Shoppe.
 41578 | Vaults:2 | Reached skill level 5 in Earth Magic
 42803 | Vaults:2 | HP: 3/170 [tengu reaver/bolt of fire (19)]
 42809 | Vaults:2 | Reached skill level 10 in Earth Magic
 43291 | Vaults:2 | Lost mutation: You are clumsy. (Dex -2) [potion of
                  | mutation]
 43291 | Vaults:2 | Gained mutation: You have a pair of small horns on your
                  | head. [potion of mutation]
 43291 | Vaults:2 | Gained mutation: You are clumsy. (Dex -2) [potion of
                  | mutation]
 43291 | Vaults:2 | Gained mutation: Your system is resistant to poisons.
                  | (rPois) [potion of mutation]
 43324 | Vaults:2 | Elyvilon protects you from harm!
 43327 | Vaults:2 | Killed from afar by a deep elf annihilator

Illustrated notes

Levels and vault maps discovered:
D:1:      lightli_arrival_chessboard, layout_basic, serial_shops,
          nicolae_shop_tiny_statue_garden, nicolae_shop_tiny_glass
D:2:      layout_basic, basic_altar, shapermc_ecumenical_altar_starsandcircs,
          uniq_jessica
D:3:      layout_loops_ring, grunt_temple_overflow_open, serial_glass,
          glass_columns_a, glass_columns_a, chequers_serial_rivers_micro_d,
          minmay_misc_feat_ornament
D:4:      nicolae_BIG_FREAKIN_CUBE, layout_loops_cross,
          gammafunk_temple_overflow_statue, uniq_grinder
D:5:      layout_basic, ebering_ghost_inner_flame, minivault_27,
          kennysheep_pointless_box, uniq_duvessa
D:6:      lemuel_ice_spiral_2, layout_basic, nicolae_twisty_statue_hallways,
          uniq_jeremiah, uniq_prince_ribbit1, uniq_menkaure, uniq_sigmund
D:7:      layout_basic, nicolae_overflow_crystal_walls, uniq_pikel
D:8:      layout_cave_pools, kennysheep_mini, enter_bailey_5,
          grunt_ministairs_8, hangedman_abyss_or_decor_jellyfish_corner,
          uniq_amaemon
D:9:      layout_loops_ring
D:10:     layout_roguey, nicolae_ru_great_annihilating_truth,
          gammafunk_ghost_wrathful_warriors, nicolae_trove_entry_crystal
D:11:     minmay_separated_statues, layout_rooms, lair_entry_dummy
D:12:     layout_irregular_city, orc_0_dummy, zin_purify
D:13:     layout_small_grid, hellmonk_vaults_attempted_burglary
D:14:     layout_irregular_city, minmay_crystal_room, nicolae_shop_gadgets
D:15:     hangedman_depths_entry_try_elsewhere_first, layout_loops_cross,
          serial_shops, nicolae_shop_trees
Lair:1:   beast_lair_carwin_large_3, layout_chaotic_city, minivault_26,
          nicolae_lair_grove_arrangements, uniq_maggie
Lair:2:   layout_regular_city, minmay_shoals_entry_hut, serial_rivers,
          chequers_serial_rivers_small_a, chequers_serial_rivers_micro_a,
          chequers_serial_rivers_small_b, chequers_serial_rivers_marsh,
          chequers_serial_rivers_room_a, hellmonk_ghost_happy_afterlife,
          uniq_urug
Lair:3:   layout_loops_ring, guppyfry_snake_entry_garden, st_stairs_13
Lair:4:   nzn_winding_woodlands_medium [nzn_winding_woodlands_5x5_checkerboard,
          nzn_winding_woodlands_5x15_river_crossing,
          nzn_winding_woodlands_5x5_default, nzn_winding_woodlands_hourglass,
          nzn_winding_woodlands_center_pierced_h,
          nzn_winding_woodlands_5x5_default,
          nzn_winding_woodlands_5x5_open_star, nzn_winding_woodlands_5x15_twine,
          nzn_winding_woodlands_5x5_three], layout_cave_pods, slime_entry_1,
          beast_lair_carwin_3
Lair:5:   gammafunk_lair_ancient_temple, layout_cellular_growth
Shoals:1: layout_shoals, lemuel_altar_in_water
Shoals:2: layout_shoals, uniq_frances, uniq_mlioglotl
Shoals:3: layout_shoals, abandoned_shop
Shoals:4: shoals_end_simple, layout_shoals, shoal_ilsuiw, lemuel_oklob_altar
Snake:1:  layout_rooms
Snake:2:  layout_gridlike, lemuel_fruit_tree, grunt_megastairs_2,
          serial_bayou_shore_b, minmay_shoptagon, uniq_vashnia
Snake:3:  layout_concentric_octagons
Snake:4:  grunt_snake_rune_serpentine_throne, layout_chambers,
          grunt_megastairs_4, uniq_aizul
Orc:1:    layout_caves, nicolae_volcano_entry_two_sided, gammafunk_ghost_arena
Orc:2:    hellmonk_orc_salted, layout_caves, nicolae_shop_vocational
Vaults:1: ebering_ghost_reflecting_pool, hangedman_vaults_stagger,
          nicolae_vaults_three_branches, v_misc_25,
          nicolae_vaults_windows_and_doors_thing, vaults_dpeg_hooks,
          nicolae_vaults_little_squares_4, grunt_vaults_hallway_long,
          vaults_room_hallway, nicolae_vaults_yaktaur_gun_rack,
          nicolae_vaults_trapezoid_lopsided_3, layout_vaults_omnigrid,
          serial_shops, bzr_entry_dummy
Vaults:2: st_greater_box_4, nicolae_vaults_double_plus_1, v_alt_pattern_4,
          nicolae_vaults_puzzle_piece, nicolae_vaults_gold_heap,
          dpeg_vaults_monster_row, nicolae_vaults_steering_wheel, v_misc_31,
          nicolae_vaults_tetromino_T_1, nicolae_vaults_alarming,
          ontoclasm_vaults_loading_screen, vaults_mumra_minichess_inversion,
          nicolae_vaults_house_1, vaults_room_hallway,
          nicolae_vaults_specimen_jars, layout_vaults_omnicross, serial_shops,
          shop
Depths:1: layout_honeycomb, enter_ziggurat_d, grunt_metal_band,
          rand_demon_pan_entry_9, kennysheep_big_empty_room,
          nicolae_transporter_circle

Skill      XL: |  1  2  3  4  5  6  7  8  9 10 11 12 13 14 15 16 17 18 19 |
---------------+----------------------------------------------------------+-----
Unarmed Combat | 4 5 6 8 9 11 13 14 15 17 20 | 20.0
Invocations    | 1 2 3 4 5 8 10 11 13 14 18 19 | 19.4
Fighting       | 6 10 15 | 15.0
Shields        | 4 |  4.0
Evocations     | 5 |  5.0
Translocations | 4 7 10 | 10.0
Spellcasting   | 3 5 |  5.0
Air Magic      | 4 |  4.0
Dodging        | 5 6 |  6.6
Transmutations | 3 |  3.3
Conjurations   | 1 7 10 | 10.0
Shapeshifting  | 10 | 10.0
Earth Magic    | 10 | 10.8

Action                     |  1- 3 |  4- 6 |  7- 9 | 10-12 | 13-15 | 16-18 | 19-21 || total
---------------------------+-------+-------+-------+-------+-------+-------+-------++-------
  Melee: Unarmed           |    99 |   107 |   202 |   722 |  1600 |  1986 |   476 ||  5192
         Tailslap          |    19 |    18 |    74 |   139 |   368 |   447 |    92 ||  1157
         Staff             |       |       |   123 |       |       |       |       ||   123
         Headbutt          |       |       |       |       |       |       |     5 ||     5
  Throw: Dart              |       |       |       |    29 |    11 |     4 |       ||    44
         Throwing net      |       |       |       |       |       |     3 |       ||     3
   Cast: Vhi's Electric Ch |       |       |       |       |    28 |   138 |    10 ||   176
         Wereblood         |       |       |       |       |       |    25 |       ||    25
         Iskenderun's Myst |       |       |       |       |       |    50 |    13 ||    63
         Irradiate         |       |       |       |       |       |       |    18 ||    18
 Invoke: Heal Self         |       |     2 |     7 |    10 |    25 |    22 |     8 ||    74
         Purification      |       |     1 |     4 |     7 |     9 |    13 |       ||    34
         Heal Other        |       |       |     6 |     8 |    18 |    27 |    14 ||    73
  Evoke: Wand              |       |       |    21 |    17 |     6 |    29 |     3 ||    76
         Phantom mirror    |       |       |       |     1 |     1 |     4 |       ||     6
    Use: Scroll            |       |    10 |     4 |    12 |     6 |    22 |       ||    54
         Potion            |       |     1 |       |     7 |     5 |     5 |     2 ||    20
   Stab: Paralysed         |       |       |    14 |       |       |     7 |     5 ||    26
         Invisible         |       |       |       |       |     8 |     1 |       ||     9
         Sleeping          |       |       |       |       |     1 |     1 |       ||     2
         Distracted        |       |       |       |       |       |     1 |       ||     1
 Armour: Skin              |    51 |    65 |   261 |   346 |   847 |  1616 |   391 ||  3577
  Dodge: Dodged            |    57 |    61 |   225 |   506 |   949 |  1045 |   222 ||  3065
  Block: Other             |       |       |     2 |       |       |       |       ||     2
         Buckler           |       |       |       |   195 |   364 |   401 |    93 ||  1053
         Form:             |       |       |       |       |       |     1 |       ||     1
         Anaconda          |       |       |       |       |       |     1 |       ||     1

Table legend: (Time is in decaauts)
 A = Elapsed time spent in this place.
 B = Non-inter-level travel time spent in this place.
 C = Inter-level travel time spent in this place.
 D = Time resting spent in this place.
 E = Time spent auto-exploring this place.
 F = Levels seen in this place.
 G = Mean time per level.
                   A        B        C        D        E       F      G
               +--------+--------+--------+--------+--------+-----+--------+
         Total |  42040 |  39226 |   2814 |   6268 |  21247 |  36 | 1167.8 |
       Dungeon |  15428 |  14140 |   1288 |   1492 |   9254 |  15 | 1028.5 |
          Lair |   6328 |   5812 |    516 |     71 |   4008 |   5 | 1265.6 |
        Shoals |   5286 |   5051 |    235 |   1203 |   2101 |   4 | 1321.5 |
     Snake Pit |   6916 |   6639 |    277 |   2058 |   2678 |   4 | 1729.0 |
  Orcish Mines |   2319 |   2043 |    276 |    160 |   1284 |   2 | 1159.5 |
        Vaults |   4271 |   4113 |    158 |   1018 |   1497 |   2 | 2135.5 |
        Depths |    563 |    500 |     63 |    189 |     48 |   1 |  563.0 |
        Bazaar |    256 |    256 |      0 |     62 |     87 |   1 |  256.0 |
        Bailey |    489 |    489 |      0 |     14 |    276 |   1 |  489.0 |
       Volcano |    180 |    180 |      0 |      0 |     14 |   1 |  180.0 |
               +--------+--------+--------+--------+--------+-----+--------+

Top non-repeatable levels by time:
Vaults:1: 2650 daAuts
 Snake:4: 2458 daAuts
  Lair:4: 1658 daAuts
Vaults:2: 1621 daAuts
     D:6: 1609 daAuts
 Snake:3: 1602 daAuts
Shoals:4: 1541 daAuts
Shoals:2: 1507 daAuts
 Snake:2: 1503 daAuts
   Orc:2: 1430 daAuts
  Lair:2: 1424 daAuts
     D:5: 1406 daAuts
    D:13: 1375 daAuts
Shoals:3: 1372 daAuts
 Snake:1: 1352 daAuts
